Cogmind - Beta 13 @@@ ROGUE MODE // 2024.05.06 @ 12:39:42 Player: Mr.Morel Result: Destroyed by G-34 Mercenary with Small Laser Performance ------------- Evolutions (0) 0 Regions Visited (1) 200 Robots Destroyed (11) 55 Value Destroyed (283) 283 Prototype IDs (0) 0 Alien Tech Used (0) 0 Bonus (0) 0 TOTAL SCORE: 538 Bonus ------- None Cogmind --------- Core Integrity 0/250 Matter 300/300 Energy 100/100 System Corruption 0% Temperature Cool (6) Movement Core (150) Ox2 Location -10/Materials Parts ------- > --- POWER (1) -------- (None) > --- PROPULSION (2) --- (None) > --- UTILITY (2) ------ Small Storage Unit > --- WEAPON (2) ------- Mining Claw > --- INVENTORY (8) ---- Ion Engine Light Ion Engine Medium Storage Unit Sensor Array EM Pulse Gun Mining Claw Peak State ------------ > --- POWER ------------ Light Ion Engine > --- PROPULSION ------- Aluminum Leg Aluminum Leg > --- UTILITY ---------- Small Storage Unit Light Armor Plating > --- WEAPON ----------- Small Laser Hammer > --- INVENTORY -------- Medium Storage Unit Sensor Array [Rating: 7] Favorites ----------- Power Light Ion Engine Engine Light Ion Engine Propulsion Aluminum Leg Leg Aluminum Leg Utility Small Storage Unit Storage Small Storage Unit Protection Light Armor Plating Weapon Hammer Energy Gun Medium Laser Ballistic Gun Light Assault Rifle Impact Weapon Hammer Slashing Weapon Mining Claw Build | -11 -10 ------- Run | Yrd Mat Slots Evolved . | . . Power . | . . Propulsion . | . . Utility . | . . Weapon . | . . Parts Attached 15 | 6 9 Power 3 | 1 2 Engine 3 | 1 2 Core . | . . Reactor . | . . Propulsion 4 | 2 2 Treads . | . . Leg 4 | 2 2 Wheel . | . . Hover . | . . Flight . | . . Utility 2 | 1 1 Device . | . . Storage 1 | 1 . Processor . | . . Hackware . | . . Protection 1 | . 1 Artifact . | . . Weapon 6 | 2 4 Energy Gun 3 | 1 2 Energy Cannon . | . . Ballistic Gun 1 | 1 . Ballistic Cannon . | . . Launcher . | . . Special Weapon . | . . Impact Weapon 1 | . 1 Slashing Weapon 1 | . 1 Piercing Weapon . | . . Special Melee Weapon . | . . Unidentified Prototypes . | . . Parts Lost 9 | . 9 Power 3 | . 3 Propulsion 2 | . 2 Utility 1 | . 1 Weapon 3 | . 3 Highest Loss Streak 5 | . 5 To Critical Strikes . | . . Average Slot Usage (%) 89 | . 89 Engine 12 | . 12 Leg 27 | . 27 Storage 14 | . 14 Protection 7 | . 7 Energy Gun 11 | . 11 Ballistic Gun 5 | . 5 Impact Weapon 9 | . 9 Naked Turns . | . . Heaviest Build 15 | 13 15 Greatest Support 20 | 20 20 Greatest Overweight (x) 3 | . 3 Average Overweight (x) . | . . Largest Inventory Capacity 8 | 8 8 Average Capacity 7 | 7 8 Most Carried 6 | 5 6 Average Carried 3 | 2 3 Final Capacity 8 | 8 8 Final Carried 6 | 2 6 Class Distribution -------------------- 100% | Mutant Dominant Class ---------------- Mutant | -10/Materials Resources | -11 -10 ----------- Run | Yrd Mat Matter Collected 334 | 196 138 Remotely . | . . Salvage Created 400 | . 400 Parts 14 | . 14 Haulers Intercepted 1 | . 1 Recyclers Shooed . | . . Parts Field Recycled . | . . Retrieved Matter . | . . Parts Self-Destructed . | . . Prevented . | . . Kills | -11 -10 ------- Run | Yrd Mat Combat Hostiles Destroyed 10 | . 10 Melee 5 | . 5 Guns 4 | . 4 Classes Destroyed 3 | . 3 Hauler 1 | . 1 Swarmer 3 | . 3 Grunt 7 | . 7 Best Kill Streak 3 | . 3 Combat Bots Only 3 | . 3 Max Kills in Single Turn 1 | . 1 Gunslinging . | . . Exploded . | . . Melee 1 | . 1 Uniques/NPCs Destroyed . | . . Combat | -11 -10 -------- Run | Yrd Mat Hostile Shots Fired 142 | . 142 Missed 35 | . 35 Damage Taken 1194 | . 1194 Core 260 | . 260 Absorbed by Shields . | . . Core Remaining (%) 100 | 100 . Volleys Fired 22 | . 22 Largest 2 | . 2 Hottest 70 | . 70 Shots Fired 34 | . 34 Gun 34 | . 34 Cannon . | . . Launcher . | . . Special . | . . Kinetic 14 | . 14 Thermal 12 | . 12 Explosive . | . . Electromagnetic 8 | . 8 Robot Hit Streak 5 | . 5 Robot Miss Streak 3 | . 3 Penetration Max . | . . Secondary Targets . | . . Shots Hit Robots 46 | . 46 Core Hits 13 | . 13 Critical Kills . | . . Critical Parts Destroyed 4 | . 4 Critical Strikes 4 | . 4 Destroy 1 | . 1 Smash 3 | . 3 Melee Attacks 46 | . 46 Impact 39 | . 39 Slashing 7 | . 7 Piercing . | . . Sneak Attacks 3 | . 3 Combat Hostiles . | . . Follow-up Attacks 4 | . 4 Damage Inflicted 994 | . 994 Guns 225 | . 225 Cannons . | . . Explosions . | . . Melee 769 | . 769 Ramming . | . . Kinetic 61 | . 61 Thermal 111 | . 111 Explosive . | . . Electromagnetic 53 | . 53 Impact 628 | . 628 Slashing 141 | . 141 Piercing . | . . Highest Corruption . | . . Average Corruption . | . . Corruption Purged . | . . Corruption Blocked . | . . Overload Shots . | . . Overflow Damage 133 | . 133 Projectiles . | . . Explosions . | . . Melee 133 | . 133 Knockbacks 3 | . 3 Impact 3 | . 3 Kinetic . | . . Secondary . | . . Self-Inflicted Damage . | . . Shots . | . . Rammed . | . . Targets Rammed . | . . Kicked . | . . Crushed . | . . Highest Temperature 146 | . 146 Average Temperature 39 | . 39 Received Heat Transfer 684 | . 684 Siege Activations . | . . Robots Corrupted . | . . Combat Hostiles . | . . Parts Fried 1 | . 1 Impact Corruptions 6 | . 6 Robots Melted . | . . Combat Hostiles . | . . Parts Melted . | . . Heat Transferred 333 | . 333 Parts Sabotaged . | . . Parts Stolen . | . . Parts Stripped . | . . Power Chain Reactions . | . . Alert | -11 -10 ------- Run | Yrd Mat Peak Influence 177 | . 177 Initial . | . . Average 59 | . 63 Maximum Alert Level . | . . Low Security (%) 100 | 100 100 Level 1 . | . . Level 2 . | . . Level 3 . | . . Level 4 . | . . Level 5 . | . . High Security . | . . Max Security . | . . Squads Dispatched 4 | . 4 Investigation 2 | . 2 Extermination . | . . Reinforcement 2 | . 2 Assault . | . . Garrison . | . . Intercept . | . . Searches Triggered . | . . Construction Impeded . | . . Haulers Reinforced . | . . Active Scanning Responses . | . . Cargo Convoy Interrupts . | . . Stealth | -11 -10 --------- Run | Yrd Mat Distress Signals 3 | . 3 Communications Jammed . | . . Distress Signals . | . . Times Spotted 28 | . 28 Peak Tracking Total 7 | . 7 Tactical Retreats 3 | . 3 Traps | -11 -10 ------- Run | Yrd Mat Traps Triggered 1 | . 1 Indirectly . | . . Trap Hack Attempts . | . . Triggered . | . . Disarmed . | . . Reprogrammed . | . . Reused . | . . Traps Extracted . | . . Installed . | . . Triggered . | . . Machines | -11 -10 ---------- Run | Yrd Mat Machines Disabled . | . . Max in Single Turn . | . . Machines Repaired . | . . Machines Dismantled . | . . Machines Sabotaged . | . . Overloaded Fab Kills . | . . Hacking | -11 -10 --------- Run | Yrd Mat Machines Accessed 2 | . 2 Terminals 2 | . 2 Fabricators . | . . Repair Stations . | . . Recycling Units . | . . Scanalyzers . | . . Garrison Access . | . . Total Hacks 3 | . 3 Successful 1 | . 1 Failed 2 | . 2 Catastrophic . | . . Database Lockouts . | . . Manual . | . . Terminals 3 | . 3 Fabricators . | . . Repair Stations . | . . Recycling Units . | . . Scanalyzers . | . . Garrison Access . | . . Terminal Hacks 1 | . 1 Record 1 | . 1 Fabricator Hacks . | . . Repair Station Hacks . | . . Recycling Unit Hacks . | . . Scanalyzer . | . . Garrison Access Hacks . | . . Unauthorized Hacks . | . . Terminals . | . . Fabricators . | . . Repair Stations . | . . Recycling Units . | . . Scanalyzers . | . . Garrison Access . | . . Data Cores Recovered . | . . Used . | . . Hacking Detections 1 | . 1 Full Trace Events . | . . Feedback Events . | . . Feedback Blocked . | . . Robot Schematics Acquired . | . . Robots Built . | . . Authchips . | . . Time . | . . Total Robot Build Rating . | . . Part Schematics Acquired . | . . Parts Built . | . . Authchips . | . . Time . | . . Total Part Build Rating . | . . Parts Repaired . | . . Time . | . . Parts Recycled . | . . Recycled Matter . | . . Retrieved Matter . | . . Retrieved Components . | . . Parts Scanalyzed . | . . Part Schematics Acquired . | . . Parts Damaged . | . . Bothacking | -11 -10 ------------ Run | Yrd Mat Used RIF Installer . | . . Robots Hacked . | . . Non-combat . | . . Combat . | . . Robot Hacks Applied . | . . Relay Couplers Released . | . . Fabnet Peak Effective % . | . . Robots Rewired . | . . Allies Hacked . | . . Hacks Repelled . | . . Allies | -11 -10 -------- Run | Yrd Mat Total Allies . | . . Largest Group . | . . Highest-Rated Group . | . . Highest-Rated Ally . | . . Total Orders . | . . Ally Attacks . | . . Total Damage . | . . Kills . | . . Allies Corrupted . | . . Allies Melted . | . . Intel | -11 -10 ------- Run | Yrd Mat Robot Analysis Total . | . . Derelict Logs Recovered . | . . Drone Launches . | . . Drone Recoveries . | . . Exploration | -11 -10 ------------- Run | Yrd Mat Turns Passed 830 | 53 777 Spaces Moved 527 | 44 483 Core 20 | 18 2 Treads . | . . Legs 507 | 26 481 Wheels . | . . Hover . | . . Flight . | . . Fastest Speed 50 | 50 120 Average Speed 118 | 91 120 Slowest Speed 200 | 120 200 Overloaded Moves . | . . Propulsion Burnouts . | . . Robots Hopped . | . . Cave-ins Triggered . | . . Exploration Rate (%) 25 | 4 47 Regions Visited 1 Branch Regions . Pre-discovered Areas . | . . Known Exits Taken . | . . Unknown Exits Taken 1 | 1 . Scrap Searched . | . . Spaces Dug . | . . Terrain Destroyed . | . . Melee . | . . Projectile . | . . AOE . | . . Terrain Rammed . | . . Walls Destroyed . | . . Machines Disabled . | . . Actions | -11 -10 --------- Run | Yrd Mat Total 626 | 56 570 Wait . | . . Move 526 | 43 483 Hop . | . . Pick Up 19 | 7 12 Fast Attach 1 | 1 . Attach 10 | 5 5 Detach . | . . Swap 4 | . 4 Drop 3 | . 3 Fire 22 | . 22 Melee 41 | . 41 Ram . | . . Kick . | . . Crush . | . . Escape Stasis . | . . Rewire . | . . Trap . | . . Miscellaneous . | . . Route ------- -11/Scrapyard -10/Materials (discovered 1 exit: [*Mat]) History --------- Turn | Location | Event 5 | -11/Scrapyard | Discovered new exit (range 15) 54 | -11/Scrapyard | Entered Materials 336 | -10/Materials | Build established: Mutant 535 | -10/Materials | Discovered new exit (range 11) 810 | -10/Materials | Core integrity fell below 50% 820 | -10/Materials | Core integrity fell below 20% 831 | -10/Materials | Destroyed by G-34 Mercenary with Small Laser Last Messages --------------- An alarm sounds. ALERT: Alarm triggered, dispatching investigation squad. Sneak attack on T-07 Excavator. Destroyed Mining Laser. T-07 Excavator system corrupted by crushing effect. U-05 Engineer lays Concrete. T-07 Excavator is excavating. Acquired Mining Claw. Aluminum Leg destroyed. Hammer follow-up attack on G-34 Mercenary. Lgt. Armor Plating destroyed. G-34 Mercenary destroyed. Hammer follow-up attack on G-34 Mercenary. Aluminum Leg destroyed. G-34 Mercenary destroyed. Hammer follow-up attack on G-34 Mercenary. Lgt. Ion Engine destroyed. Hammer destroyed. Map ----- +----------------------------------------------------+ | ???????????????????????# %[ | | ???????????????????????# = | | ???????????????????????# *% | | ???????????????????????# ############ | | ???????????????????????# #??????????? | | ???????????????????????# #??????????? | | ???????????????????????# #??????????? | | ???????????????????????# #??????????? | | ???????????????????????# #??????????? | | ???????????????????????# #??????????? | | ??????????????????????## ########+### | | ??????????????????????# | | ??????????????????????# | | ??????????????????????# | | ??????????????????????# ##+######+### | | ??????????????????????# # #?????? | | ??????????????????????# # #?????? | | ??????????????????????# # #?????? | | ??????????????????????# #""" #?????? | | ??????????????????????# #""" #?????? | | ??????#########???????# #""" #?????? | | ??????# /// #??????## # #?????? | | ??????# //g #??????# #######?????? | | ??????# g####???# # #????????? | | ??????# !%* ## ##??# #????????? | | ??????# %=@g# #??# # #????????? | | ??????#####+#### ##### ####????????? | | ????????# #???????????? | | ????????# #???????????? | | ????????#################???????????? | | ????????????????????????????????????? | | ????????????????????????????????????? | | ????????????????????????????????????? | | | | | | | | | | | | | | | | | | | | | | | | | | | | | | | | | | | +----------------------------------------------------+ Best States ------------- Heat Dissipation 25 Energy Generation 10 Energy Capacity 250 Matter Stores 300 Matter Capacity 300 Sight Range 16 Terrain Scan Density 10 Armor Coverage 150 Evasion (%) 55 Item Schematics ----------------- None Robot Schematics ------------------ None Fabricated ------------ Nothing Alien Tech Used ----------------- None Achievements -------------- None Challenges ------------ None Game ------ Seed SapperThermoelectricShredder Manual? 0 Play Time 00:09:12 Cumulative 9.9 hours Start 2024.05.06 @ 12:31:00 End 2024.05.06 @ 12:39:42 Sessions 1 Manual Loads 0 Difficulty Rogue Special Mode None Game No. 22 Rogue 22 Adventurer 0 Explorer 0 Win Type - Total 0 Types 0/0/0/0/0/0/0/0/0 Lore% 11 Gallery% 16 Achievement% 14 Wizard Run 0 Options --------- Layout 2 ASCII 0 Keyboard 0 Movement Mouse Keybinds 0 Fullscreen 1 Font 24/Cog Map View 50x44 Zoom Use 0% Tactical HUD 0 Map Filters NONE Filters NONE Steam 1 RUN: 94b2ad22-d16e-434f-bac5-69cdae081860